 Dungeon Crawl Stone Soup version 0.21.0-24-g2553a33 (webtiles) character file.

630 tidbits the Charmwright (level 7, -4/61 HPs)
             Began as a Gnoll Skald on Jan 20, 2018.
             Was a Follower of Cheibriados.
             Slain by a hell hound (12 damage)
             ... on level 8 of the Dungeon.
             The game lasted 00:09:28 (939 turns).

tidbits the Charmwright (Gnoll Skald)                Turns: 939, Time: 00:09:28

Health: -4/61      AC:  3    Str: 15    XL:     7   Next: 48%
Magic:  1/15       EV: 15    Int: 20    God:    Cheibriados [*.....]
Gold:   111        SH:  0    Dex: 16    Spells: 4/17 levels left

rFire    + . .     SeeInvis +   a - +1 hand axe
rCold    + . .     Gourm    .   (no shield)
rNeg     . . .     Faith    .   b - +0 leather armour
rPois    +         Spirit   .   (no helmet)
rElec    +         Reflect  .   (no cloak)
rCorr    +         Harm     .   (no gloves)
MR       .....     Clarity  +   (no boots)
Stlth    ++........             (no amulet)
HPRegen  0.20/turn              (no ring)
MPRegen  0.14/turn              p - ring of see invisible

@: resistant, very slow
A: distributed training, fangs 1, clarity, mutation resistance 1, robust 1,
strong nose
a: Bend Time, Renounce Religion


You were on level 8 of the Dungeon.
You worshipped Cheibriados.
Cheibriados was aware of your devotion.
You were hungry.

You visited 1 branch of the dungeon, and saw 8 of its levels.

You collected 111 gold pieces.

Inventory:

Hand Weapons
 a - a +1 hand axe (weapon)
 n - a +0 hunting sling
 s - a +0 trident
Missiles
 h - 39 arrows
 o - 7 tomahawks (quivered)
Armour
 b - a +0 leather armour (worn)
Jewellery
 e - an uncursed ring of ice
   (You found it on level 1 of the Dungeon)
 p - a ring of see invisible (right hand)
   (You found it on level 5 of the Dungeon)
Wands
 w - a wand of flame (32)
Scrolls
 i - a scroll of enchant weapon
 j - 2 scrolls of identify {unknown}
 k - a scroll of fog {unknown}
 l - a scroll of fear {unknown}
 q - a scroll of immolation {unknown}
 r - 4 scrolls of remove curse
Potions
 f - a potion of haste
Books
 c - a book of Battle

   Spells                             Type                      Level
   a - Infusion                       Charms                       1
   b - Shroud of Golubria             Charms/Translocation         2
   c - Song of Slaying                Charms                       2
   d - Spectral Weapon                Hexes/Charms                 3
   e - Regeneration                   Charms/Necromancy            3
 g - a book of Callings
   (You found it on level 6 of the Dungeon)

   Spells                             Type                      Level
   a - Summon Small Mammal            Summoning                    1
   b - Call Imp                       Summoning                    2
   c - Call Canine Familiar           Summoning                    3
   d - Summon Guardian Golem          Hexes/Summoning              3
   e - Summon Lightning Spire         Summoning/Air                4
   f - Summon Ice Beast               Ice/Summoning                4
 v - a book of Changes
   (You found it on level 8 of the Dungeon)

   Spells                             Type                      Level
   a - Beastly Appendage              Transmutation                1
   b - Sticks to Snakes               Transmutation                2
   c - Spider Form                    Transmutation/Poison         3
   d - Ice Form                       Ice/Transmutation            4
   e - Blade Hands                    Transmutation                5
Comestibles
 d - a ration


   Skills:
 + Level 5.2 Fighting
 + Level 2.4 Short Blades
 + Level 2.4 Long Blades
 + Level 5.2 Axes
 + Level 2.4 Maces & Flails
 + Level 2.4 Polearms
 + Level 2.4 Staves
 + Level 2.4 Slings
 + Level 2.4 Bows
 + Level 2.4 Crossbows
 + Level 2.4 Throwing
 + Level 3.6 Armour
 + Level 5.2 Dodging
 + Level 2.4 Stealth
 + Level 2.4 Shields
 + Level 2.4 Unarmed Combat
 + Level 5.6 Spellcasting
 + Level 2.0 Conjurations
 + Level 2.0 Hexes
 + Level 5.8 Charms
 + Level 2.0 Summonings
 + Level 2.0 Necromancy
 + Level 2.0 Translocations
 + Level 2.0 Transmutations
 + Level 2.0 Fire Magic
 + Level 2.0 Ice Magic
 + Level 2.0 Air Magic
 + Level 2.0 Earth Magic
 + Level 2.0 Poison Magic
 + Level 2.7 Invocations
 + Level 2.4 Evocations


You had 4 spell levels left.
You knew the following spells:

 Your Spells              Type           Power        Failure   Level  Hunger
g - Shroud of Golubria    Chrm/Tloc      ###.......   4%          2    None
i - Infusion              Chrm           ####         1%          1    None
k - Sticks to Snakes      Tmut           ##......     9%          2    None
r - Regeneration          Chrm/Necr      ###.......   8%          3    ##.....
w - Spectral Weapon       Hex/Chrm       ###.....     8%          3    ##.....
y - Song of Slaying       Chrm           ####....     1%          2    None


Dungeon Overview and Level Annotations

Branches:
Dungeon (8/15)             Temple (0/1) D:6            Lair (0/6) D:8

Altars:
Cheibriados
Hepliaklqana
Ru

Shops:
D:5 (


Innate Abilities, Weirdness & Mutations

Your experience applies equally to all skills.
You have very sharp teeth.
Your uncanny sense of smell can sniff out nearby items.
You possess an exceptional clarity of mind.
You are somewhat resistant to further mutation.
You are robust. (+10% HP)


Message History

You barely miss the hell hound.
The hell hound is heavily wounded.
Your spectral weapon completely misses the hell hound.
The hell hound breathes flames at you. The blast of flame hits you! You resist.
The hell hound closely misses you.
You barely miss the hell hound.
The hell hound is heavily wounded.
Your spectral weapon hits the hell hound but does no damage.
The hell hound misses you.
You hit the hell hound but do no damage.
The hell hound is heavily wounded.
You are feeling hungry.
Your spectral weapon hits the hell hound but does no damage.
The hell hound closely misses you. The hell hound completely misses you.
You hit the hell hound but do no damage.
The hell hound is heavily wounded.
Your spectral weapon hits the hell hound.
The hell hound misses your spectral weapon.
The hell hound bites your spectral weapon.
Your spectral weapon shares its damage with you!
You catch the helpless hell hound completely off-guard!
You hit the hell hound but do no damage.
The hell hound is heavily wounded.
Your spectral weapon closely misses the hell hound.
Your spectral weapon hits something but does no damage.
Something closely misses your spectral weapon.
You hit the hell hound but do no damage.
The hell hound is heavily wounded.
Your spectral weapon hits the hell hound!
Your spectral weapon barely misses something.
Something barely misses your spectral weapon.
The hell hound breathes flames at your spectral weapon.
The blast of flame hits your spectral weapon.
Your spectral weapon resists.
Your spectral weapon shares its damage with you!
Something bites your spectral weapon.
The hell hound bites your spectral weapon!
Your spectral weapon shares its damage with you!
Your spectral weapon fades away.
You hear a bark!
You strike the helpless hell hound from behind!
You hit the hell hound. You bite the hell hound.
The hell hound is almost dead.
The hell hound bites you.
A hell hound comes into view.
Unknown command.
Unknown command.
Casting: Spectral Weapon
Confirm with . or Enter, or press ? or * to list all spells.
You draw out your weapon's spirit!
The hell hound bites you!
* * * LOW HITPOINT WARNING * * *
The hell hound bites you but does no damage.
The hell hound misses you. x2
Unknown command.
You slash the hell hound!
You kill the hell hound!
Cheibriados thoroughly appreciates the change of pace.
Cheibriados slows and strengthens your metabolism.
Cheibriados raises the support of your attributes as your movement slows.
Your Conjurations skill increases to level 2!
Your Hexes skill increases to level 2!
Your Summonings skill increases to level 2!
Your Necromancy skill increases to level 2!
Your Translocations skill increases to level 2!
Your Transmutations skill increases to level 2!
Your Fire Magic skill increases to level 2!
Your Ice Magic skill increases to level 2!
Your Air Magic skill increases to level 2!
Your Earth Magic skill increases to level 2!
Your Poison Magic skill increases to level 2!
You hit the hell hound but do no damage.
The hell hound bites you!
* * * LOW HITPOINT WARNING * * *
It was a potion of mutation.
You feel extremely strange.
You feel genetically stable.
You feel robust.
Your thoughts seem clearer.
The hell hound bites you.
* * * LOW HITPOINT WARNING * * *
The hell hound barely misses you.
Okay, then.
Okay, then.
Evoke which item? (* to show all) (? for menu, Esc to quit)
Okay, then.
Fire/throw which item? (* to show all) (? for menu, Esc to quit)
Really fire
m - a throwing net {!f}?
Press: ? - help, Shift-Dir - straight line, f - hell hound
Aim: a hell hound You throw a throwing net {!f}.
The throwing net {!f} barely misses the hell hound.
The hell hound misses you.
Fire/throw which item? (* to show all) (? for menu, Esc to quit)
Okay, then.
As you read the scroll labeled NESOAP VEM BOA, it crumbles to dust.
It is a scroll of enchant weapon.
Your +0 hand axe glows red for a moment.
The hell hound closely misses you.
The hell hound bites you but does no damage.
You barely miss the hell hound.
Your spectral weapon barely misses the hell hound.
The hell hound bites you!
You die...

§§h§≈ ≈§.≈ ∆ §§. ..
#. ∆ #.####
#....####... #
########h.....# ..
###.#......@(..#..#
#.####..
#.........## #
...##.# #........##
#.##.# #........#
###....###........#
#....#............#
..#....###........#
.....### #........#
####.# #........#


You could see a hell hound and a friendly spectral hand axe.

Vanquished Creatures
  A hell hound (D:8)
  2 ogres (D:7)
  2 phantoms
  A howler monkey (D:3)
  A crimson imp (D:8)
  A worker ant (D:4)
  5 adders
  A worm (D:2)
  A dart slug (D:5)
  A leopard gecko (D:8)
  3 orcs
  A bat (D:1)
  3 giant cockroaches
  3 goblins
  4 hobgoblins
  6 jackals
  2 quokkas (D:2)
  2 rats
40 creatures vanquished.

Vanquished Creatures (others)
  A spectral weapon (D:8)
1 creature vanquished.

Grand Total: 41 creatures vanquished

Notes
Turn   | Place    | Note
-------+----------+-------------------------------------------
     0 | D:1      | tidbits the Gnoll Skald began the quest for the Orb.
     0 | D:1      | Reached XP level 1. HP: 20/20 MP: 6/6
   112 | D:2      | Reached XP level 2. HP: 26/26 MP: 1/7
   124 | D:2      | Learned a level 2 spell: Song of Slaying
   127 | D:2      | Learned a level 2 spell: Shroud of Golubria
   156 | D:2      | Found a hazy altar of Hepliaklqana.
   174 | D:1      | Reached XP level 3. HP: 26/31 MP: 1/9
   207 | D:1      | Learned a level 3 spell: Regeneration
   211 | D:1      | Learned a level 3 spell: Spectral Weapon
   223 | D:2      | Reached skill level 5 in Spellcasting
   280 | D:2      | Reached skill level 1 in Invocations
   351 | D:3      | Reached skill level 1 in Short Blades
   351 | D:3      | Reached skill level 1 in Long Blades
   351 | D:3      | Reached skill level 1 in Maces & Flails
   351 | D:3      | Reached skill level 1 in Polearms
   351 | D:3      | Reached skill level 1 in Staves
   351 | D:3      | Reached skill level 1 in Slings
   351 | D:3      | Reached skill level 1 in Bows
   351 | D:3      | Reached skill level 1 in Crossbows
   351 | D:3      | Reached skill level 1 in Throwing
   351 | D:3      | Reached skill level 1 in Stealth
   351 | D:3      | Reached skill level 1 in Shields
   351 | D:3      | Reached skill level 1 in Unarmed Combat
   351 | D:3      | Reached skill level 1 in Evocations
   351 | D:3      | Reached XP level 4. HP: 7/38 MP: 1/11
   417 | D:4      | Reached skill level 1 in Conjurations
   417 | D:4      | Reached skill level 1 in Hexes
   417 | D:4      | Reached skill level 1 in Summonings
   417 | D:4      | Reached skill level 1 in Necromancy
   417 | D:4      | Reached skill level 1 in Translocations
   417 | D:4      | Reached skill level 1 in Transmutations
   417 | D:4      | Reached skill level 1 in Fire Magic
   417 | D:4      | Reached skill level 1 in Ice Magic
   417 | D:4      | Reached skill level 1 in Air Magic
   417 | D:4      | Reached skill level 1 in Earth Magic
   417 | D:4      | Reached skill level 1 in Poison Magic
   434 | D:4      | Reached XP level 5. HP: 7/43 MP: 1/12
   488 | D:5      | Entered Level 5 of the Dungeon
   488 | D:5      | Noticed a sky beast
   489 | D:5      | Found Gunaw's Antique Weapon Shop.
   543 | D:5      | Found a sacrificial altar of Ru.
   576 | D:6      | Found a staircase to the Ecumenical Temple.
   581 | D:6      | Found a snail-covered altar of Cheibriados.
   598 | D:6      | Became a worshipper of Cheibriados the Contemplative
   613 | D:6      | Noticed a phantom
   659 | D:6      | Killed a phantom
   659 | D:6      | Reached skill level 3 in Armour
   721 | D:7      | Noticed an ogre
   730 | D:7      | Killed an ogre
   730 | D:7      | Reached skill level 2 in Invocations
   730 | D:7      | Reached XP level 6. HP: 50/50 MP: 0/14
   732 | D:7      | Reached skill level 5 in Fighting
   732 | D:7      | Reached skill level 5 in Axes
   732 | D:7      | Reached skill level 5 in Dodging
   815 | D:7      | Reached skill level 2 in Short Blades
   815 | D:7      | Reached skill level 2 in Long Blades
   815 | D:7      | Reached skill level 2 in Maces & Flails
   815 | D:7      | Reached skill level 2 in Polearms
   815 | D:7      | Reached skill level 2 in Staves
   815 | D:7      | Reached skill level 2 in Slings
   815 | D:7      | Reached skill level 2 in Bows
   815 | D:7      | Reached skill level 2 in Crossbows
   815 | D:7      | Reached skill level 2 in Throwing
   815 | D:7      | Reached skill level 2 in Stealth
   815 | D:7      | Reached skill level 2 in Shields
   815 | D:7      | Reached skill level 2 in Unarmed Combat
   815 | D:7      | Reached skill level 2 in Evocations
   835 | D:8      | Reached XP level 7. HP: 56/56 MP: 1/15
   876 | D:8      | Learned a level 2 spell: Sticks to Snakes
   918 | D:8      | Found a staircase to the Lair.
   935 | D:8      | Reached * piety under Cheibriados
   935 | D:8      | Reached skill level 2 in Conjurations
   935 | D:8      | Reached skill level 2 in Hexes
   935 | D:8      | Reached skill level 2 in Summonings
   935 | D:8      | Reached skill level 2 in Necromancy
   935 | D:8      | Reached skill level 2 in Translocations
   935 | D:8      | Reached skill level 2 in Transmutations
   935 | D:8      | Reached skill level 2 in Fire Magic
   935 | D:8      | Reached skill level 2 in Ice Magic
   935 | D:8      | Reached skill level 2 in Air Magic
   935 | D:8      | Reached skill level 2 in Earth Magic
   935 | D:8      | Reached skill level 2 in Poison Magic
   936 | D:8      | Gained mutation: You are somewhat resistant to further mutation. [potion of mutation]
   936 | D:8      | Gained mutation: You are robust. (+10% HP) [potion of mutation]
   936 | D:8      | Gained mutation: You possess an exceptional clarity of mind. [potion of mutation]
   939 | D:8      | Slain by a hell hound

Skill      XL: |  1  2  3  4  5  6  7 |
---------------+----------------------+-----
Spellcasting   | 5 |  5.6
Invocations    | 1 2 |  2.7
Short Blades   | 1 2 |  2.4
Long Blades    | 1 2 |  2.4
Maces & Flails | 1 2 |  2.4
Polearms       | 1 2 |  2.4
Staves         | 1 2 |  2.4
Slings         | 1 2 |  2.4
Bows           | 1 2 |  2.4
Crossbows      | 1 2 |  2.4
Throwing       | 1 2 |  2.4
Stealth        | 1 2 |  2.4
Shields        | 1 2 |  2.4
Unarmed Combat | 1 2 |  2.4
Evocations     | 1 2 |  2.4
Conjurations   | 1 2 |  2.0
Hexes          | 1 2 |  2.0
Summonings     | 1 2 |  2.0
Necromancy     | 1 2 |  2.0
Translocations | 1 2 |  2.0
Transmutations | 1 2 |  2.0
Fire Magic     | 1 2 |  2.0
Ice Magic      | 1 2 |  2.0
Air Magic      | 1 2 |  2.0
Earth Magic    | 1 2 |  2.0
Poison Magic   | 1 2 |  2.0
Armour         | 3 |  3.6
Fighting       | 5 |  5.2
Axes           | 5 |  5.2
Dodging        | 5 |  5.2
Charms         | |  5.8

Action                   |  1- 3 |  4- 6 |  7- 9 || total
-------------------------+-------+-------+-------++-------
Melee: Hand axe          |    52 |    52 |    21 ||   125
       Bite              |     7 |     9 |     2 ||    18
Throw: Throwing net      |       |     1 |     1 ||     2
 Cast: Infusion          |     7 |     5 |     1 ||    13
       Spectral Weapon   |     2 |     8 |     3 ||    13
       Regeneration      |       |     3 |       ||     3
       Shroud of Golubri |       |     2 |       ||     2
  Use: Scroll            |     1 |       |     1 ||     2
       Potion            |     2 |       |     2 ||     4
 Stab: Distracted        |       |     1 |     2 ||     3
       Sleeping          |       |       |     1 ||     1
  Eat: Chunk             |       |       |     1 ||     1
Armor: Leather armour    |     9 |     2 |     5 ||    16
Dodge: Dodged            |    51 |    33 |    17 ||   101

Table legend:
 A = Turns spent in this place as a percentage of turns spent in the entire game.
 B = Non-inter-level travel turns spent in this place as a percentage of non-inter-level travel turns spent in the entire game.
 C = Inter-level travel turns spent in this place as a percentage of turns spent in this place.
 D = Turns resting spent in this place as a percentage of non-inter-level travel turns spent in this place.
 E = Turns spent auto-exploring this place as a percentage of non-inter-level travel turns spent in this place.
 F = Non-inter-level travel turns spent in this place divided by the number of levels of this place that you've seen.
                   A       B       C       D       E      F
               +-------+-------+-------+-------+-------+----------------------
         Total | 100.0 | 100.0 |   0.0 |   0.0 |   0.0 | 117.4
       Dungeon | 100.0 | 100.0 |   0.0 |   0.0 |   0.0 | 117.4
               +-------+-------+-------+-------+-------+----------------------

Table legend:
 A = Kills in this place as a percentage of kills in entire the game.
 B = Kills by you in this place as a percentage of kills by you in the entire game.
 C = Kills by friends in this place as a percentage of kills by friends in the entire game.
 D = Other kills in this place as a percentage of other kills in the entire game.
 E = Experience gained in this place as a percentage of experience gained in the entire game.
 F = Experience gained in this place divided by the number of levels of this place that you have seen.
                   A       B       C       D       E      F
               +-------+-------+-------+-------+-------+----------------------
         Total | 100.0 | 100.0 |   N/A |   N/A | 100.0 | 112.6
       Dungeon | 100.0 | 100.0 |   N/A |   N/A | 100.0 | 112.6
               +-------+-------+-------+-------+-------+----------------------

Vault maps used:
D:1:      wheals_arrival_shading, minmay_small_reverse_x
D:2:      old_standard_altar, minmay_fountain_box, minmay_domino_2
D:3:      nicolae_qazlal_general_emergency, first_ration, xom_teletrap_fun,
          uniq_sigmund
D:4:      gup_sewer_entry_spiral, serial_shops, kennysheep_mini_moat,
          uniq_grinder, uniq_blork_the_orc
D:5:      ashenzari_conservatory_becter, basic_altar, serial_shops, shop
D:6:      minmay_temple_entry_crystal_x, basic_altar, uniq_prince_ribbit1
D:7:      tso_oasis_becter, basic_altar
D:8:      zin_statuary, minmay_lair_entry_lava
